 Dungeon Crawl Stone Soup version 0.22.0-60-ga52c2fcf6e (webtiles) character file.

179 Fymir27 the Gusty (level 5, 0/30 HPs)
             Began as a Tengu Air Elementalist on Sept 10, 2018.
             Killed by nerve-wracking pain
             ... invoked by Grinder
              (8 damage)
             ... on level 3 of the Dungeon.
             The game lasted 00:13:31 (3224 turns).

Fymir27 the Gusty (Tengu Air Elementalist)          Turns: 3224, Time: 00:13:32

Health: 0/30       AC:  5    Str: 14    XL:     5   Next: 59%
Magic:  6/9        EV: 13    Int: 16    God:
Gold:   184        SH:  0    Dex: 14    Spells: 1/8 levels left

rFire    + . .     SeeInvis .   p - +1 whip (elec)
rCold    . . .     Gourm    .   (no shield)
rNeg     . . .     Faith    .   a - +0 robe
rPois    .         Spirit   .   (helmet restricted)
rElec    .         Reflect  .   i - +2 cloak
rCorr    .         Harm     .   (no gloves)
MR       .....                  (boots unavailable)
Stlth    ++........             (no amulet)
HPRegen  0.10/turn              q - ring of protection from fire
MPRegen  0.11/turn              (no ring)

@: mighty
A: beak, talons 3, able to fly 1
a: Fly


You were on level 3 of the Dungeon.
You were not hungry.

You visited 1 branch of the dungeon, and saw 3 of its levels.

You collected 184 gold pieces.

Inventory:

Hand Weapons
 e - a +1 whip of draining
 p - a +1 whip of electrocution (weapon)
 t - a +2 dagger of holy wrath
 u - a +0 hunting sling
Missiles
 g - 38 arrows
 j - 4 tomahawks (quivered)
 l - 51 stones
Armour
 a - a +0 robe (worn)
 i - a +2 cloak (worn)
Jewellery
 q - a ring of protection from fire (left hand)
Scrolls
 h - a scroll of remove curse
 n - a scroll of fear {unknown}
 o - a scroll of identify {unknown}
 v - a scroll of immolation {unknown}
 w - 3 scrolls of teleportation {unknown}
Potions
 b - a potion of degeneration {unknown}
 d - a potion of brilliance {unknown}
 f - a potion of might
 k - 2 potions of invisibility {unknown}
 m - 2 potions of curing {unknown}
 s - a potion of mutation {unknown}
Comestibles
 c - 6 rations
 r - 5 chunks of flesh


   Skills:
 + Level 1.7 Fighting
 + Level 1.1 Maces & Flails
 + Level 3.1 Dodging
 - Level 2.0 Stealth
 + Level 2.0 Spellcasting
 * Level 3.9 Conjurations
 * Level 5.5 Air Magic


You had one spell level left.
You knew the following spells:

 Your Spells              Type           Power        Failure   Level  Hunger
a - Shock                 Conj/Air       ###.         3%          1    #......
b - Swiftness             Chrm/Air       ##......     10%         2    ###....
c - Airstrike             Air            ###.......   22%         4    #####..

Your spell library contained the following spells:

 Spells                   Type           Power        Failure   Level  Hunger
 Confusing Touch          Hex            #.....       21%         1    #......
 Static Discharge         Conj/Air       ###.....     9%          3    ###....
 Confuse                  Hex            #.......     52%         3    ###....
 Gell's Gravitas          Tloc           #.........   52%         3    ###....
 Lightning Bolt           Conj/Air       ###.......   63%         5    ######.
 Petrify                  Tmut/Erth      #.......     90%         4    #####..
 Metabolic Englaciation   Hex/Ice        #.........   99%         5    ######.
 Yara's Violent Unravell  Hex/Tmut       #.........   99%         5    ######.


Dungeon Overview and Level Annotations

Branches:
Dungeon (3/15)

Altars:
Ru

Annotations:
D:3 potion in fire, Grinder


Innate Abilities, Weirdness & Mutations

You have a beak for a mouth.
You have claws for feet.
You can fly.


Message History

Grinder hits you.
You writhe in agony.
Casting: Shock (safe; 3% risk of failure)
Confirm with . or Enter, or press ? or * to list all spells.
Aiming: Shock (safe; 3% risk of failure)
Press: ? - help, Shift-Dir - straight line The zap hits Grinder.
Grinder is lightly wounded.
Grinder gestures at you. Pain shoots through your body!
Casting: Shock (safe; 3% risk of failure)
Confirm with . or Enter, or press ? or * to list all spells.
Aiming: Shock (safe; 3% risk of failure)
Press: ? - help, Shift-Dir - straight line The zap misses Grinder.
Grinder hits you.
You writhe in agony.
* * * LOW HITPOINT WARNING * * *
It was a potion of might.
You feel very mighty all of a sudden. Grinder gestures at you.
Pain shoots through your body!
You die...

#..............###...##.....
#..............# #.#.##.....
#..............###)#.##.....
#....................#######
####...........###.#####....
#...........# #..........
#.........#.# #..........
#.........#.###..........
#####..5@.....#..........
##....#.#.#..........
#.####.#...##.##.... #.#
.##........... #.#
#..##.##.... #.# ...
........ #.# ...... ..#
###### ...


You could see Grinder.

Vanquished Creatures
  Natasha (thrice) (D:2)
  Robin (D:2)
  3 adders
  An ooze (D:1)
  A dart slug (D:1)
  2 leopard geckos (D:3)
  5 bats
  4 giant cockroaches
  12 goblins
  6 hobgoblins
  3 jackals (D:1)
  2 quokkas (D:3)
  4 frilled lizards
  6 kobolds
  5 rats
58 creatures vanquished.

Notes
Turn   | Place    | Note
-------+----------+-------------------------------------------
     0 | D:1      | Fymir27 the Tengu Air Elementalist began the quest for the
                  | Orb.
     0 | D:1      | Reached XP level 1. HP: 10/10 MP: 4/4
   143 | D:1      | Reached XP level 2. HP: 16/16 MP: 4/6
   414 | D:1      | Learned a level 2 spell: Swiftness
   538 | D:1      | Reached XP level 3. HP: 20/20 MP: 1/7
  1045 | D:2      | Noticed Natasha
  1064 | D:2      | Killed Natasha
  1064 | D:2      | Reached skill level 1 in Fighting
  1226 | D:2      | Reached XP level 4. HP: 15/25 MP: 1/8
  1336 | D:2      | Found a sacrificial altar of Ru.
  1373 | D:2      | Reached skill level 5 in Air Magic
  1496 | D:2      | Learned a level 4 spell: Airstrike
  1647 | D:2      | Noticed Robin
  1661 | D:2      | Killed Robin
  1764 | D:2      | Noticed Natasha
  1775 | D:2      | Killed Natasha
  1775 | D:2      | Gained mutation: You can fly. [Tengu growth]
  1775 | D:2      | Reached XP level 5. HP: 29/29 MP: 0/9
  1930 | D:2      | Noticed Natasha
  1939 | D:2      | Killed Natasha
  2421 | D:3      | HP: 1/29 [something (9)]
  2779 | D:3      | Reached skill level 1 in Maces & Flails
  3211 | D:3      | Noticed Grinder
  3217 | D:3      | Paralysed by Grinder for 3 turns
  3224 | D:3      | Killed from afar by Grinder

Skill      XL: |  1  2  3  4  5 |
---------------+----------------+-----
Conjurations   | 2 3 |  3.9
Fighting       | 1 |  1.7
Air Magic      | 5 |  5.5
Dodging        | 3 |  3.1
Maces & Flails | 1 |  1.1
Stealth        | |  2.0
Spellcasting   | |  2.0

Action                   |  1- 3 |  4- 6 || total
-------------------------+-------+-------++-------
Melee: Whip              |    17 |    18 ||    35
       Kick              |     1 |     3 ||     4
       Peck              |     2 |       ||     2
 Cast: Shock             |    40 |    54 ||    94
       Airstrike         |       |     1 ||     1
  Use: Scroll            |     2 |     2 ||     4
       Potion            |       |     1 ||     1
 Stab: Sleeping          |     1 |       ||     1
  Eat: Chunk             |     1 |     8 ||     9
Armor: Robe              |     4 |     4 ||     8
Dodge: Dodged            |    16 |    20 ||    36
